 Dungeon Crawl Stone Soup version 0.30-a0-51-g784eafce7f (webtiles) character file.

Game seed: 7834661322599465076

197753 nono the Fighter (level 17, -31/146 (149) HPs)
             Began as a Palentonga Fighter on Sept 4, 2022.
             Was a High Priest of Okawaru.
             Killed from afar by a tengu reaver (53 damage)
             ... with a bolt of acid
             ... on level 2 of the Vaults on Sept 5, 2022.
             The game lasted 01:54:04 (36548 turns).

nono the Fighter (Palentonga Fighter)              Turns: 36548, Time: 01:54:05

HP:   -31/146 (149) AC: 49    Str: 30    XL:     17   Next: 79%
MP:   35/35         EV:  7    Int:  8    God:    Okawaru [*****.]
Gold: 1832          SH: 20    Dex:  7    Spells: 16/16 levels left

rFire   + + .      SeeInvis +    b - +11 mace of the Silent Majority {speed, rF+ Dex-4 SInv Stlth+}
rCold   + . .      Faith    .    l - +2 tower shield
rNeg    + + .      Spirit   .    x - +10 plate armour of Refuge {rElec rF+}
rPois   .          Reflect  .    T - +0 helmet
rElec   +          Harm     .    J - +0 cloak
rCorr   .          Rampage  .    O - +2 pair of gloves {Str+3}
Will    ++...                    M - +2 barding {rC+}
Stlth   ..........               t - amulet of regeneration
HPRegen 1.14/turn                S - ring of willpower
MPRegen 0.24/turn                j - ring "Idiraas" {rN++ MP+9 Int-2}

@: heroic, lightly drained, curled up, very slow
A: large, rugged brown scales 3, see invisible, deformed body, roll 1, armoured
tail, reflexive curl
}: 1/15 runes: decaying
a: Rolling Charge, Renounce Religion, Heroism, Finesse, Duel


You were on level 2 of the Vaults.
You worshipped Okawaru.
Okawaru was extremely pleased with you.
You visited 6 branches of the dungeon, and saw 29 of its levels.
You also visited: Trove and Volcano.

You collected 4543 gold pieces.
You spent 2711 gold pieces at shops.

Inventory:

Hand Weapons
 b - the +11 mace of the Silent Majority (weapon) {speed, rF+ Dex-4 SInv Stlth+}
   (Okawaru gifted it to you on level 2 of the Lair of Beasts)

   Attacks with this weapon are significantly faster.
   Dex:       It affects your dexterity (-4).
   rF:        It protects you from fire.
   SInv:      It lets you see invisible.
   Stlth:     It makes you more stealthy.
 Q - a +2 morningstar of holy wrath
 R - a +4 demon whip of draining
 X - a +2 eveningstar of freezing
Missiles
 B - 4 throwing nets
Armour
 l - a +2 tower shield (worn)
 r - the +4 barding of the Inquisitive Dreams {Drain rF+ Int+2}
   (Okawaru gifted it to you on level 4 of the Lair of Beasts)

   Int:       It affects your intelligence (+2).
   rF:        It protects you from fire.
   Drain:     It drains your maximum health when unequipped.
 x - the +10 plate armour of Refuge (worn) {rElec rF+}
   (Okawaru gifted it to you on level 3 of the Swamp)

   rF:        It protects you from fire.
   rElec:     It insulates you from electricity.
 J - a +0 cloak (worn)
 L - a +3 chain mail of fire resistance
 M - a +2 barding of cold resistance (worn)
 O - a +2 pair of gloves of strength (worn)
 T - a +0 helmet (worn)
 U - a +2 barding of flying
Jewellery
 c - a ring of flight
 h - a ring of resist corrosion
 j - the ring "Idiraas" (right hand) {rN++ MP+9 Int-2}
   (You acquired it on level 11 of the Dungeon)

   [ring of magical power]

   Int:       It affects your intelligence (-2).
   rN:        It greatly protects you from negative energy.
   MP:        It affects your magic capacity (+9).
 k - an amulet of reflection
 m - the ring of Ahacreqi {rPois Str+6 Slay+2}
   (You found it in a treasure trove)

   [ring of poison resistance]

   Str:       It affects your strength (+6).
   Slay:      It affects your accuracy & damage with ranged weapons and melee
   (+2).
   rPois:     It protects you from poison.
 o - a ring of protection from cold
 t - an amulet of regeneration (around neck)
 I - the ring "Egunnecs" {+Blink rF+ rN+ Str+2 Int+3}
   (You found it in a treasure trove)

   [ring of positive energy]

   Str:       It affects your strength (+2).
   Int:       It affects your intelligence (+3).
   rF:        It protects you from fire.
   rN:        It protects you from negative energy.
   +Blink:    It lets you blink.
 S - a ring of willpower (left hand)
Wands
 N - a wand of acid (23)
 Y - a wand of mindburst (18)
Scrolls
 a - 4 scrolls of fog
 f - 3 scrolls of blinking
 i - a scroll of immolation
 n - 4 scrolls of fear
 q - 4 scrolls of identify
 s - 6 scrolls of magic mapping
 v - 3 scrolls of poison
 y - a scroll of silence
 D - 13 scrolls of teleportation
 H - 6 scrolls of amnesia
 K - a scroll of brand weapon
 P - 4 scrolls of enchant weapon
 Z - 6 scrolls of enchant armour
Potions
 d - a potion of might
 e - 13 potions of curing
 g - 4 potions of ambrosia
 p - 5 potions of magic
 u - 2 potions of attraction
 w - 5 potions of lignification
 z - 2 potions of berserk rage
 A - 5 potions of mutation
 C - 2 potions of heal wounds
 E - 4 potions of haste
 F - 5 potions of flight
 G - a potion of resistance
 V - a potion of invisibility
 W - a potion of cancellation


   Skills:
 + Level 14.8(19.8) Fighting
 + Level 14.6(19.6) Maces & Flails
 + Level 12.6(17.6) Armour
 - Level 13.0(18.0) Dodging
 - Level 2.0(7.0) Stealth
 + Level 13.7(18.7) Shields
 + Level 13.1 Invocations


You had 16 spell levels left.
You didn't know any spells.
Your spell library contained the following spells:

 Spells                   Type           Power      Damage    Failure   Level
 Apportation              Tloc           0%         N/A       99%         1
 Beastly Appendage        Tmut           0%         N/A       99%         1
 Freeze                   Ice            0%         1d3       99%         1
 Necrotise                Necr           0%         1d4       99%         1
 Shock                    Conj/Air       0%         1d3       99%         1
 Sting                    Tmut/Pois      0%         1d3       99%         1
 Ensorcelled Hibernation  Hex/Ice        0%         N/A       99%         2
 Poisonous Vapours        Pois/Air       0%         N/A       99%         2
 Wereblood                Tmut           0%         N/A       99%         2
 Frozen Ramparts          Ice            0%         1d1       100%        3
 Gell's Gravitas          Tloc           0%         N/A       100%        3
 Inner Flame              Hex/Fire       0%         N/A       100%        3
 Lesser Beckoning         Tloc           0%         N/A       100%        3
 Ozocubu's Armour         Ice            0%         N/A       100%        3
 Portal Projectile        Hex/Tloc       0%         N/A       100%        3
 Spider Form              Tmut/Pois      0%         N/A       100%        3
 Swiftness                Air            0%         N/A       100%        3
 Teleport Other           Tloc           0%         N/A       100%        3
 Vampiric Draining        Necr           0%         2d6       100%        3
 Airstrike                Air            0%         2d(0-16)  100%        4
 Cause Fear               Hex            0%         N/A       100%        4
 Hailstorm                Conj/Ice       0%         3d3       100%        4
 Ice Form                 Ice/Tmut       0%         N/A       100%        4
 Leda's Liquefaction      Hex/Erth       0%         N/A       100%        4
 Olgreb's Toxic Radiance  Pois           0%         N/A       100%        4
 Agony                    Necr           0%         N/A       100%        5
 Alistair's Intoxication  Tmut/Pois      0%         N/A       100%        5
 Metabolic Englaciation   Hex/Ice        0%         N/A       100%        5
 Dispersal                Tloc           0%         N/A       100%        6
 Discord                  Hex            0%         N/A       100%        8
 Disjunction              Tloc           0%         N/A       100%        8
 Chain Lightning          Conj/Air       0%         N/A       100%        9
 Fire Storm               Conj/Fire      0%         5d1       100%        9
 Shatter                  Erth           0%         3d5*      100%        9
 Call Canine Familiar     Summ           Unusable   N/A       N/A         3
 Summon Ice Beast         Ice/Summ       Unusable   N/A       N/A         4
 Simulacrum               Ice/Necr       Unusable   N/A       N/A         6

Dungeon Overview and Level Annotations

Branches:
Dungeon (15/15)            Temple (1/1) D:4            Lair (5/5) D:10
  Swamp (4/4) Lair:2       Spider (0/4) Lair:3        Slime (0/5) Lair:4
    Orc (2/2) D:9             Elf (0/3) Orc:2        Vaults (2/5) D:14
  Crypt (0/3) Vaults:2     Depths (0/4) D:15        Volcano (visited)

Altars:
Elyvilon
Fedhas
Kikubaaqudgha
Makhleb
Okawaru
Sif Muna
Uskayaw
Vehumet
Xom
Yredelemnul
Zin
Lugonu

Shops:
D:2 =   D:4 (=   D:9 [   D:13 *??[(   Orc:2 !?=?

Portals:
Abyss: Lair:5

Annotations:
Swamp:4 exclusion: 3 oklob plants


Innate Abilities, Weirdness & Mutations

You are completely covered in rugged brown scales. (AC +3, +7% HP)
You have supernaturally acute eyesight. (SInv)
Armour fits poorly on your strangely shaped body.
You can roll at nearby foes to attack.
You have a long armoured tail.
You curl defensively after being hit. (AC +7*)


Message History

The bolt of negative energy hits you. You partially resist.
You feel drained.
There is an open door here.
The yaktaur captain shoots a bolt.
You block the bolt.
The yaktaur captain shoots a bolt.
You block the bolt.
You open the door.
A cyclops comes into view.
The cyclops changes into a redback!
The tengu reaver attacks as you move away!
The tengu reaver hits you with a +0 vorpal war axe.
You block the tengu reaver's attack.
The tengu reaver claws you but does no damage.
Found a potion of curing.
There is an open door here.
Found a mace.
The redback changes into a water nymph!
The tengu reaver attacks as you move away!
You block the tengu reaver's attack. The tengu reaver completely misses you.
You block the tengu reaver's attack.
The tengu reaver points at you and mumbles some strange words.
The bolt of poison hits you!!
You are poisoned.
* * * LOW HITPOINT WARNING * * *
The water nymph touches you. The water nymph drowns you!
* * * LOW HITPOINT WARNING * * *
You feel better. You block the water nymph's attack.
You closely miss the water nymph. You tail-slap the water nymph.
The water nymph is lightly wounded.
The tengu reaver points at you and mumbles some strange words.
The bolt of cold hits you but does no damage.
You sock the water nymph!
The water nymph is heavily wounded.
The water nymph touches you.
* * * LOW HITPOINT WARNING * * *
The water nymph drowns you!
* * * LOW HITPOINT WARNING * * *
Splash!
You fall into the shallow water.
Moving in this stuff is going to be slow.
The tengu reaver points at you and mumbles some strange words.
The bolt of acid hits you!!!
You die...

****,,* *,,,*#...#*...#
*,,,,,, *,,,,,*
*,,,*#...#*...# *,,,,,,
*,,*,,* *,,,*#.c.##...#
*,,,,,, *,,,,,*
**,#..#.#..#.## *,,,,,,
*,,**** *#....#c...#*
*,,,,,, *,,,,,*
#+####'##+####**,,,,,,
*,,*,,*
#!...c........**,,,,,,
*,,,,,*
#....Q........****+***
****,,*
#....@.~......*,,,,,,,
*,,,,,*
#....○m~......*,,,,,,,
*,,*,,*
#....○~~...^..*,,,,,,,
*,,,,,*
#.............+,,,,,,,
*******
#.............*,,,,,,,
#.........)...*,,,,,,,
**#####+########*,,,,,,,
*,,,,,,,,,,,,,* *,,,,,,,
***** *,,,,,,,,,,,,,*
*,,<,,,,


You could see a tengu reaver, a yaktaur captain, a centaur warrior and a water
nymph shaped shifter.

Vanquished Creatures
  Gastronok (D:11)
  The ghost of Zemnit the Fighter, an adept OgFi of Lugonu (D:15)
  A sphinx (Vaults:2)
  2 thorn hunters
  A fenstrider witch (Swamp:3)
  2 orc warlords
  Louise (D:14)
  3 ghouls (Swamp:1)
  3 very ugly things
  2 ironbound preservers (Vaults:2)
  A stone giant (D:14)
  2 vampire knights (Swamp:4)
  4 eleionomae
  Azrael (D:13)
  5 bunyips
  3 dire elephants (Vaults:1)
  A jiangshi (Vaults:2)
  A great orb of eyes (Vaults:2)
  3 boulder beetles
  4 shambling mangroves (Swamp:4)
  3 vault guards (D:14)
  19 hydras
  4 ghost crabs
  Erica (D:8)
  5 ogre magi
  A catoblepas (Lair:2)
  18 two-headed ogres
  2 ironbound frosthearts
  4 centaur warriors
  8 alligators
  A dancing weapon (D:15)
  3 tengu warriors
  2 vampire magi (Vaults:2)
  Urug (D:10)
  6 death yaks
  4 thrashing horrors (Lair:5)
  Nergalle (D:12)
  The ghost of t4s4d4r the Basher, a novice DgFi (D:9)
  Amaemon (Lair:1)
  2 deep trolls
  2 swamp dragons (Swamp:4)
  7 goliath frogs
  A deep elf archer (D:14)
  A flayed ghost (Swamp:4)
  4 spectral hydras (Swamp:4)
  6 bog bodies (Swamp:1)
  An ironbound convoker (Vaults:2)
  6 spriggan druids
  2 orc knights
  6 wizards
  A lindwurm (Lair:4)
  6 deep elf zephyrmancers
  A necromancer (D:14)
  7 deep elf pyromancers
  2 phantasmal warriors
  3 salamanders (Volcano)
  3 manticores
  22 ugly things
  7 will-o-the-wisps
  An orc sorcerer (Orc:1)
  7 cyclopes
  7 black mambas
  10 elephants
  7 spectral spriggans (Swamp:1)
  A smoke demon (Lair:5)
  A vault sentinel (Vaults:2)
  3 molten gargoyles (Volcano)
  An orange demon (Lair:1)
  2 black mambas (shapeshifter)
  Maggie (D:7)
  An unseen horror (shapeshifter) (Lair:5)
  4 gargoyles
  13 cane toads
  3 rime drakes
  3 unseen horrors
  Psyche (D:12)
  2 efreet (Volcano)
  2 ancient zymes (Lair:5)
  3 freezing wraiths
  4 yaktaurs (Vaults:2)
  5 hydra zombies (Swamp:4)
  A kobold demonologist (D:12)
  3 tengu conjurers
  3 komodo dragons
  A meliai (Lair:3)
  A polar bear (Lair:5)
  6 hornets
  5 trolls
  Grinder (D:4)
  8 tyrant leeches
  19 blink frogs
  20 slime creatures
  2 blink frogs (shapeshifter)
  7 dream sheep
  A jumping spider (shapeshifter) (Lair:5)
  A death drake skeleton (Swamp:4)
  2 large abominations (Lair:5)
  A centaur simulacrum (D:14)
  5 spriggans
  A vampire (D:9)
  2 shadows (D:12)
  6 wyverns
  A wraith (D:11)
  44 yaks
  A spriggan (shapeshifter) (Lair:5)
  A hog (shapeshifter) (Lair:5)
  17 humans (D:14)
  5 small abominations (Lair:5)
  9 basilisks
  A chaos spawn (Lair:5)
  2 fire elementals (D:13)
  12 vampire mosquitoes
  Grum (D:10)
  2 wargs (Orc:1)
  Edmund (D:5)
  2 hydra simulacra (Swamp:4)
  11 swamp worms
  Duvessa (D:6)
  3 acid dragons
  24 water moccasins
  4 hell hounds (D:13)
  3 ice beasts
  8 swamp drakes
  18 orc warriors
  3 swamp dragon zombies (Swamp:4)
  27 ogres
  5 wolves
  A boggart (D:14)
  A black bear (D:4)
  4 centaurs
  A swamp dragon skeleton (Swamp:4)
  A phantom (D:5)
  A kobold brigand (D:11)
  15 bullfrogs
  A gnoll sergeant (D:8)
  2 necrophages
  6 scorpions
  Dowan (D:6)
  5 killer bees (Lair:3)
  An electric eel (Lair:2)
  2 howler monkeys (D:12)
  6 orc priests
  4 hounds
  3 jellies
  2 gnoll boudas
  Crazy Yiuf (D:7)
  An iguana (Lair:2)
  7 hell rats (Lair:5)
  19 orc wizards
  20 gnolls
  11 adders
  A shadow imp (D:7)
  A white imp (D:6)
  3 ufetubi
  A worm (D:4)
  4 dart slugs
  53 orcs
  8 endoplasms
  13 giant cockroaches
  7 hobgoblins
  5 jackals
  3 quokkas
  10 ball pythons
  10 bats
  11 goblins
  4 kobolds
  5 rats
856 creatures vanquished.

Vanquished Creatures (others)
  A bunyip (Swamp:1)
  An alligator (Swamp:1)
  A spriggan (Swamp:1)
  A wizard (Volcano)
  6 bloated husks
  A hornet (Swamp:1)
  A wolf spider simulacrum (D:15)
  6 orcs (Orc:2)
  4 briar patches
  32 foxfires
  15 fungi
  27 plants
96 creatures vanquished.

Grand Total: 952 creatures vanquished

Notes
Turn   | Place    | Note
-------+----------+-------------------------------------------
     0 | D:1      | nono the Palentonga Fighter began the quest for the Orb.
     0 | D:1      | Reached XP level 1. HP: 19/19 MP: 1/1
   371 | D:1      | Reached XP level 2. HP: 24/25 MP: 2/2
   701 | D:1      | Reached XP level 3. HP: 30/31 MP: 3/3
   875 | D:1      | Found a faded altar of an unknown god.
  1019 | D:2      | Found Ross's Jewellery Emporium.
  1750 | D:2      | Reached XP level 4. HP: 20/37 MP: 4/4
  3125 | D:3      | Reached XP level 5. HP: 35/44 MP: 5/5
  3258 | D:3      | You fall into a shaft and drop 1 floor!
  3330 | D:4      | Found Hupaid's Jewellery Shoppe.
  3671 | D:3      | Found a radiant altar of Vehumet.
  4039 | D:4      | Noticed Grinder
  4154 | D:4      | Paralysed by Grinder for 5 turns
  4169 | D:4      | Killed Grinder
  4170 | D:4      | Reached XP level 6. HP: 13/52 MP: 6/6
  4416 | D:4      | Found Teilara's Antique Weapon Shop.
  4859 | D:4      | Gained mutation: You curl defensively after being hit. (AC
                  | +7*) [Palentonga growth]
  4859 | D:4      | Reached XP level 7. HP: 58/58 MP: 7/7
  4862 | D:4      | Found a staircase to the Ecumenical Temple.
  4871 | Temple   | Entered the Ecumenical Temple
  4876 | Temple   | Became a worshipper of Warmaster Okawaru
  5066 | D:4      | Bought a steaming dagger for 182 gold pieces
  5066 | D:4      | Identified the +7 dagger of Fate {vamp, rF++} (You bought
                  | it in a shop on level 4 of the Dungeon)
  5129 | D:4      | Found Wilulufe's Antique Armour Boutique.
  5313 | D:5      | Entered Level 5 of the Dungeon
  5335 | D:5      | Reached skill level 5 in Fighting
  5461 | D:5      | Found an ancient bone altar of Kikubaaqudgha.
  5620 | D:5      | Reached * piety under Okawaru
  5739 | D:5      | Noticed Edmund
  5762 | D:5      | Killed Edmund
  5763 | D:5      | Reached skill level 5 in Maces & Flails
  5763 | D:5      | Reached skill level 5 in Shields
  5763 | D:5      | Reached XP level 8. HP: 52/67 MP: 8/8
  6382 | D:6      | Noticed Dowan
  6395 | D:6      | Killed Dowan
  6395 | D:6      | Reached ** piety under Okawaru
  6396 | D:6      | Reached skill level 5 in Armour
  6397 | D:6      | Noticed Duvessa
  6429 | D:6      | Killed Duvessa
  6731 | D:6      | Found a shimmering blue altar of Sif Muna.
  7179 | D:7      | Reached XP level 9. HP: 75/75 MP: 9/9
  7477 | D:7      | Noticed Maggie
  7518 | D:7      | Killed Maggie
  8247 | D:7      | Found a runed translucent door.
  8248 | D:7      | Noticed Crazy Yiuf
  8256 | D:7      | Killed Crazy Yiuf
  8256 | D:7      | Reached *** piety under Okawaru
  8831 | D:8      | Identified the +0 pair of gloves of the Morning Star {rC+}
  8937 | D:8      | Noticed Erica
  8956 | D:8      | Killed Erica
  9489 | D:9      | Found Zaceath's Armour Shop.
  9489 | D:9      | Found a staircase to the Orcish Mines.
  9539 | Orc:1    | Entered Level 1 of the Orcish Mines
  9542 | Orc:1    | Noticed an orc warlord
  9545 | Orc:1    | Noticed a troll
  9550 | D:9      | Bought a +2 pair of gloves of strength for 322 gold pieces
  9564 | D:9      | Found a runed translucent gate.
  9564 | D:9      | Found a runed translucent gate.
  9564 | D:9      | Found a runed translucent gate.
  9566 | D:9      | Noticed t4s4d4r's ghost (novice DgFi)
  9591 | D:9      | Noticed a red ugly thing
  9627 | D:9      | Killed a red ugly thing
  9628 | D:9      | Reached XP level 10. HP: 85/85 MP: 8/10
  9629 | D:9      | Reached **** piety under Okawaru
 10349 | D:10     | Entered Level 10 of the Dungeon
 10426 | D:10     | Noticed Grum
 10467 | D:10     | Killed Grum
 10575 | D:10     | Reached ***** piety under Okawaru
 10868 | D:10     | Received a gift from Okawaru
 10879 | D:10     | Reached XP level 11. HP: 95/95 MP: 8/11
 10894 | D:10     | Reached skill level 1 in Invocations
 10988 | D:10     | Found a staircase to the Lair.
 11059 | Lair:1   | Entered Level 1 of the Lair of Beasts
 11377 | Lair:1   | Noticed Amaemon
 11392 | Lair:1   | Killed Amaemon
 12588 | Lair:2   | Noticed a catoblepas
 12621 | Lair:2   | Killed a catoblepas
 12621 | Lair:2   | Identified the +4 demon trident "Taces" {vamp, *Slow Fly
                  | rF+ Str+7} (Okawaru gifted it to you on level 2 of the Lair
                  | of Beasts)
 12621 | Lair:2   | Received a gift from Okawaru
 12859 | Lair:1   | Reached skill level 10 in Fighting
 13099 | Lair:2   | Reached XP level 12. HP: 47/103 MP: 15/15
 13197 | Lair:2   | Reached skill level 5 in Invocations
 13352 | Lair:2   | Found a staircase to the Swamp.
 13365 | Lair:2   | Reached skill level 10 in Maces & Flails
 13634 | Lair:2   | Reached ****** piety under Okawaru
 13634 | Lair:2   | Identified the +11 mace of the Silent Majority {speed, rF+
                  | Dex-4 SInv Stlth+} (Okawaru gifted it to you on level 2 of
                  | the Lair of Beasts)
 13634 | Lair:2   | Received a gift from Okawaru
 13869 | Lair:2   | Noticed a five-headed hydra
 13878 | Lair:2   | Killed a five-headed hydra
 14122 | Lair:3   | Noticed a seven-headed hydra
 14132 | Lair:3   | Killed a seven-headed hydra
 14337 | Lair:3   | Found a hole to the Spider Nest.
 14556 | Lair:3   | Found a basalt altar of Yredelemnul.
 14658 | Lair:3   | Noticed a death yak
 14658 | Lair:3   | Noticed a death yak
 14658 | Lair:3   | Noticed a death yak
 14659 | Lair:3   | Noticed a death yak
 14678 | Lair:2   | Reached skill level 1 in Dodging
 14678 | Lair:2   | Reached skill level 10 in Shields
 14744 | Lair:3   | Noticed a death yak
 14745 | Lair:3   | Noticed a death yak
 14753 | Lair:2   | Killed a death yak
 14761 | Lair:2   | Killed a death yak
 14779 | Lair:2   | Killed a death yak
 15128 | Lair:4   | Noticed a seven-headed hydra
 15142 | Lair:4   | Killed a seven-headed hydra
 15175 | Lair:4   | Reached XP level 13. HP: 75/113 MP: 18/18
 15180 | Lair:4   | Identified the +4 barding of the Inquisitive Dreams {Drain
                  | rF+ Int+2} (Okawaru gifted it to you on level 4 of the Lair
                  | of Beasts)
 15180 | Lair:4   | Received a gift from Okawaru
 15751 | Lair:4   | Found a staircase to the Slime Pits.
 17047 | Lair:5   | Entered Level 5 of the Lair of Beasts
 17553 | Lair:5   | Found a dark tunnel.
 17637 | Volcano  | Entered a volcano
 17784 | Volcano  | Reached skill level 10 in Armour
 17814 | Volcano  | Noticed an orb of fire
 17860 | Volcano  | Received a gift from Okawaru
 17885 | Volcano  | Noticed an orb of fire
 18589 | Lair:5   | Reached XP level 14. HP: 121/121 MP: 17/20
 18949 | Lair:5   | Found a corrupted altar of Lugonu.
 18949 | Lair:5   | Found a one-way gate to the infinite horrors of the Abyss.
 18983 | Lair:5   | Identified the +1 hand axe "Fyema" {vorpal, rCorr}
 19642 | D:10     | Noticed Urug
 19654 | D:10     | Killed Urug
 20031 | D:11     | Received a gift from Okawaru
 20310 | D:11     | Identified 3 scrolls of acquirement
 20311 | D:11     | Acquired a manual of Dodging
 20315 | D:11     | Acquired the ring "Idiraas" {rN++ MP+9 Int-2}
 20322 | D:11     | Acquired 522 gold pieces
 20355 | D:11     | Noticed Gastronok
 20372 | D:11     | Killed Gastronok
 20624 | D:11     | Reached skill level 5 in Dodging
 21088 | D:4      | Bought a ring of willpower for 275 gold pieces
 21337 | D:9      | Killed t4s4d4r's ghost
 21530 | D:12     | Identified the +6 battleaxe of Cocytus {freeze, rC+}
 21535 | D:12     | Identified the +6 dagger of the Throat {vorpal, rC+ rN+
                  | Will+ MP-9}
 21691 | D:12     | Noticed Psyche
 21711 | D:12     | Killed Psyche
 21797 | D:12     | Noticed Nergalle
 21817 | D:12     | Killed Nergalle
 22020 | D:12     | Received a gift from Okawaru
 22377 | D:13     | Found Hymeghik's Magic Scroll Emporium.
 22385 | D:13     | Bought a scroll of fear for 60 gold pieces
 22385 | D:13     | Bought a scroll of enchant armour for 112 gold pieces
 22385 | D:13     | Bought a scroll of enchant armour for 112 gold pieces
 22524 | D:13     | Found Awegoage's Antique Armour Shoppe.
 22617 | D:13     | Found Anumn's Antique Weapon Shoppe.
 22877 | D:13     | Found Fythrubi's Magic Scroll Boutique.
 22880 | D:13     | Bought a scroll of teleportation for 57 gold pieces
 22880 | D:13     | Bought a scroll of fear for 76 gold pieces
 22880 | D:13     | Bought a scroll of enchant armour for 142 gold pieces
 22880 | D:13     | Bought a scroll of enchant armour for 142 gold pieces
 22880 | D:13     | Bought a scroll of enchant weapon for 142 gold pieces
 22880 | D:13     | Bought a scroll of fog for 76 gold pieces
 22880 | D:13     | Bought a scroll of enchant weapon for 142 gold pieces
 23402 | D:13     | Noticed Azrael
 23435 | D:13     | Killed Azrael
 23579 | D:13     | Found Aluclit's General Store.
 23674 | D:13     | Received a gift from Okawaru
 23985 | D:14     | Reached skill level 10 in Dodging
 23985 | D:14     | Reached XP level 15. HP: 112/130 MP: 22/22
 24489 | D:14     | Got the Lessons on the Winter
 24722 | D:14     | Identified the +0 hand axe "Noomoima" {vorpal, *Rage rPois
                  | Str+5}
 24805 | D:14     | Identified the +6 hand axe of Wireninyu {vorpal, Fly rC+}
 24857 | D:14     | Noticed Louise
 24893 | D:14     | Killed Louise
 25342 | D:14     | Found the +3 Elemental Staff {rElec rF++ rC++ AC+5}
 25775 | D:14     | Identified the +1 robe of Segissiywn {rF+} (Okawaru gifted
                  | it to you on level 14 of the Dungeon)
 25775 | D:14     | Received a gift from Okawaru
 25853 | D:14     | Found a gate to the Vaults.
 25922 | D:14     | Reached skill level 10 in Invocations
 26144 | D:15     | Entered Level 15 of the Dungeon
 26977 | D:15     | Found the +5 robe of Misfortune {Harm *Corrode *Slow EV+5}
 27119 | D:15     | Found a staircase to the Depths.
 27532 | D:15     | Found a runed translucent door.
 27540 | D:15     | Found a shimmering altar of Xom.
 27540 | D:15     | Noticed Zemnit's ghost (adept OgFi)
 27565 | D:15     | Killed Zemnit's ghost
 28087 | D:9      | Killed an orc warlord
 28343 | Orc:2    | Entered Level 2 of the Orcish Mines
 28343 | Orc:2    | Found a staircase to the Elven Halls.
 28442 | Orc:2    | Found the +4 robe of Folly {Brilliance Will-∞ Int+8}
 28512 | Orc:2    | Identified the +1 plate armour "Gisiykor" {Int+5 Slay+3}
                  | (Okawaru gifted it to you on level 2 of the Orcish Mines)
 28512 | Orc:2    | Received a gift from Okawaru
 29133 | Orc:2    | Reached XP level 16. HP: 127/140 MP: 24/24
 29982 | Orc:2    | Found Yvuitt's Jewellery Boutique.
 29982 | Orc:2    | Found Susuv's Distillery.
 29983 | Orc:2    | Found Qakor's Magic Scroll Emporium.
 29983 | Orc:2    | Found Heutappoll's Magic Scroll Boutique.
 30001 | Orc:2    | Bought a ring of protection from cold for 400 gold pieces
 30014 | Orc:2    | Bought a scroll of enchant armour for 90 gold pieces
 30028 | Orc:2    | Bought a potion of haste for 170 gold pieces
 30028 | Orc:2    | Bought a potion of heal wounds for 85 gold pieces
 30032 | Orc:2    | Bought a scroll of blinking for 90 gold pieces
 30032 | Orc:2    | Bought a scroll of teleportation for 36 gold pieces
 31004 | Swamp:1  | Entered Level 1 of the Swamp
 31260 | Swamp:1  | Received a gift from Okawaru
 32432 | Swamp:1  | Upgraded the game from 0.30-a0-50-gb2d611f6b1 to
                  | 0.30-a0-51-g784eafce7f
 32838 | Swamp:2  | Noticed a thorn hunter
 32862 | Swamp:2  | Killed a thorn hunter
 33953 | Swamp:3  | Identified the +10 plate armour of Refuge {rElec rF+}
                  | (Okawaru gifted it to you on level 3 of the Swamp)
 33953 | Swamp:3  | Received a gift from Okawaru
 33954 | Swamp:3  | Reached XP level 17. HP: 144/148 MP: 26/26
 33975 | Swamp:3  | Reached skill level 1 in Stealth
 34206 | Swamp:4  | Entered Level 4 of the Swamp
 34332 | Swamp:4  | Identified the +3 dagger "Sujum" {vorpal, rF- Dex+5}
 35559 | Swamp:4  | Found a basalt altar of Yredelemnul.
 35574 | Swamp:4  | Got a decaying rune of Zot
 35593 | Swamp:4  | Found a blossoming altar of Fedhas.
 35835 | Vaults:1 | Entered Level 1 of the Vaults
 35904 | Vaults:1 | Received a gift from Okawaru
 35947 | Vaults:1 | HP: 2/126 [dire elephant (19)]
 36210 | Vaults:2 | Received a gift from Okawaru
 36238 | Vaults:2 | Found a portal to a secret trove of treasure.
 36241 | Vaults:2 | You paid a toll of 7 scrolls of blinking to enter a
                  | treasure trove
 36242 | Trove    | Entered a treasure trove
 36249 | Trove    | Identified the +7 flail "Fish" {flame, rElec rF++ rN+
                  | Will+}
 36253 | Trove    | Identified the +1 robe of the Dolphin {rCorr Str-5 Int+9
                  | Dex-5}
 36260 | Trove    | Identified the +4 mace "Fochaaj" {antimagic, Int+6}
 36261 | Trove    | Identified the ring "Egunnecs" {+Blink rF+ rN+ Str+2 Int+3}
 36264 | Trove    | Identified the ring of Ahacreqi {rPois Str+6 Slay+2}
 36266 | Trove    | Identified the +2 barding "Dyurilam" {rF+ Int+2}
 36267 | Trove    | Identified the ring "Dati" {rPois Int+4}
 36388 | Vaults:2 | Found a staircase to the Crypt.
 36548 | Vaults:2 | Killed from afar by a tengu reaver

Illustrated notes

Levels and vault maps discovered:
D:1:      tarquinn_simple_flora_water_a, layout_rooms,
          shapermc_ecumenical_altar_venn
D:2:      minmay_roachtagon, layout_loops_corners, serial_shops,
          nicolae_shop_crystal, minmay_diced_spiral
D:3:      layout_loops_ring, fiery_altar_vehumet
D:4:      layout_loops_ring, minmay_temple_entry_gardened_gates, serial_shops,
          shop, nicolae_square_shop, nicolae_shop_overgrown_old_shop,
          minmay_misc_feat_chi, roderic_roman_lattice, grunt_ministairs_13,
          uniq_grinder
D:5:      layout_basic, mainiacjoe_overflow_boulevard, uniq_edmund
D:6:      layout_rooms, general_overflow_altar, minivault_1, uniq_duvessa
D:7:      layout_basic, minmay_door_square, nicolae_elevator_lobby_asterisk,
          uniq_crazy_yiuf_cottage, uniq_maggie
D:8:      layout_loops_ring, uniq_erica
D:9:      layout_cave_pods, orc_david_3, gammafunk_ghost_split
D:10:     layout_roguey, minmay_lair_entry_grove, uniq_grum, uniq_urug
D:11:     minmay_inner_zag, layout_irregular_city, uniq_gastronok
D:12:     layout_big_octagon, uniq_nergalle, uniq_psyche
D:13:     layout_loops_corners, serial_shops, shop, nicolae_shop_trees, shop,
          nicolae_shop_behind_doors, nicolae_diamond_shop, uniq_azrael
D:14:     minmay_cut_squares, layout_stronghold, grunt_vaults_entry_tiered,
          uniq_louise
D:15:     hangedman_depths_entry_civil_slaughter, layout_rooms,
          ebering_ghost_xom, chequers_hall_statues_y
Temple:   compressed_dpeg_triangle_lava_temple
Lair:1:   layout_cave_pods, chequers_serial_rivers_marsh, serial_bayou_pond_b,
          beast_lair_carwin_11, grunt_megastairs_3, uniq_amaemon
Lair:2:   layout_hall_layers, minmay_swamp_entry_reptiles, serial_bayou_shore_a,
          grunt_megastairs_4
Lair:3:   layout_long_grid, hellmonk_spider_entry_not_the_bees, basic_altar,
          st_stairs_12
Lair:4:   layout_cave_pods, minmay_slime_entry_pillars
Lair:5:   hellmonk_lair_end_abyssal_woods, layout_loops_ring,
          lightli_volcano_entry_magma_tube, patterned_corridor
Swamp:1:  nicolae_swamp_flooded_prison, layout_basic_swamp,
          nicolae_swamp_round_clearing, nicolae_swamp_stuck_in_the_mud
Swamp:2:  layout_basic_swamp, evilmike_swamp_ruin_house_6
Swamp:3:  layout_basic_swamp, nicolae_swamp_ascending_descending_big
Swamp:4:  byrel_swamp_growth_death_and_undeath, layout_basic_swamp, swamp_pool3
Orc:1:    layout_diamond_mine
Orc:2:    st_orc_ogre_mass, layout_diamond_mine, dreamdust_deal_with_the_devil,
          elves_outpost_lemuel
Vaults:1: ontoclasm_vaults_idyll, vaults_room_fancy_cross, st_octagons_2,
          vaults_dpeg_encased_lava, dpeg_vaults_monster_box,
          vaults_room_corners, nicolae_vaults_three_branches,
          ontoclasm_vaults_shuriken, layout_vaults_omnigrid
Vaults:2: portal_desolation_entry_ruin, vaults_mumra_lcd, st_smaller_cells,
          vaults_mumra_hex, ontoclasm_vaults_pinch,
          nicolae_vaults_diagonal_hallway_8, minmay_crypt_entry_simple_statues,
          v_misc_28, nicolae_vaults_shelves_hall, v_alt_pattern_1,
          nicolae_vaults_rhombus_6, ontoclasm_vaults_tryst,
          hangedman_vaults_maws, hangedman_vaults_cutoff, hangedman_vaults_trim,
          nicolae_vaults_puzzle_piece, nicolae_vaults_little_ls,
          layout_vaults_omnibox, enter_trove_6

Skill      XL: |  1  2  3  4  5  6  7  8  9 10 11 12 13 14 15 16 17 |
---------------+----------------------------------------------------+-----
Shields        | 3 4 5 6 7 8 9 10 11 12 13 | 13.7
Armour         | 3 4 5 6 7 8 9 10 11 12 | 12.6
Maces & Flails | 3 4 5 6 7 8 9 10 11 12 13 14 | 14.6
Fighting       | 4 5 6 7 9 10 11 12 13 14 | 14.8
Invocations    | 4 7 8 9 10 12 13 | 13.1
Dodging        | 2 4 10 12 13 | 13.0
Stealth        | 2 |  2.0

Action                   |  1- 3 |  4- 6 |  7- 9 | 10-12 | 13-15 | 16-18 || total
-------------------------+-------+-------+-------+-------+-------+-------++-------
Melee: Flail             |   173 |       |   281 |   302 |       |       ||   756
       Tailslap          |    14 |    21 |    53 |   125 |   297 |   261 ||   771
       Dagger            |       |   197 |   119 |       |       |       ||   316
       Demon whip        |       |       |       |   239 |       |       ||   239
       Mace              |       |       |       |   174 |  1645 |  1367 ||  3186
Invok: Heroism           |       |       |     8 |    18 |    32 |    42 ||   100
       Finesse           |       |       |       |       |     4 |    10 ||    14
  Use: Scroll            |       |       |    12 |     5 |    17 |     6 ||    40
       Potion            |       |       |       |     1 |     2 |     6 ||     9
 Stab: Petrified         |       |       |       |     1 |       |       ||     1
       Sleeping          |       |       |       |       |       |     1 ||     1
       Distracted        |       |       |       |       |       |     1 ||     1
Armor: Scale mail        |   105 |    51 |       |       |       |       ||   156
       Chain mail        |       |    23 |   175 |       |   527 |    50 ||   775
       Acid dragon scale |       |       |    35 |   269 |    88 |       ||   392
       Leather armour    |       |       |       |       |       |   429 ||   429
       Plate armour      |       |       |       |       |       |    83 ||    83
       Skin              |       |       |       |       |       |     1 ||     1
Dodge: Dodged            |    82 |    45 |    80 |   144 |   195 |   235 ||   781
Block: Buckler           |    30 |    72 |   186 |       |       |       ||   288
       Reflection        |       |     4 |     8 |       |    41 |     8 ||    61
       Kite shield       |       |       |    26 |   448 |   567 |       ||  1041
       Tower shield      |       |       |       |       |   539 |   942 ||  1481

Table legend: (Time is in decaauts)
 A = Elapsed time spent in this place.
 B = Non-inter-level travel time spent in this place.
 C = Inter-level travel time spent in this place.
 D = Time resting spent in this place.
 E = Time spent auto-exploring this place.
 F = Levels seen in this place.
 G = Mean time per level.
                   A        B        C        D        E       F      G
               +--------+--------+--------+--------+--------+-----+--------+
         Total |  35511 |  32896 |   2615 |   3514 |  20876 |  31 | 1145.5 |
       Dungeon |  19807 |  18429 |   1378 |   1239 |  13736 |  15 | 1320.5 |
        Temple |     10 |     10 |      0 |      0 |      0 |   1 |   10.0 |
          Lair |   7925 |   7362 |    563 |    443 |   5191 |   5 | 1585.0 |
         Swamp |   4464 |   4066 |    398 |   1019 |    898 |   4 | 1116.0 |
  Orcish Mines |   2418 |   2307 |    111 |    758 |   1051 |   2 | 1209.0 |
        Vaults |    392 |    229 |    163 |      0 |      0 |   2 |  196.0 |
         Trove |    112 |    112 |      0 |      0 |      0 |   1 |  112.0 |
       Volcano |    379 |    379 |      0 |     55 |      0 |   1 |  379.0 |
               +--------+--------+--------+--------+--------+-----+--------+

Top non-repeatable levels by time:
    D:14: 2599 daAuts
  Lair:5: 1921 daAuts
 Swamp:1: 1786 daAuts
  Lair:1: 1772 daAuts
    D:13: 1766 daAuts
  Lair:2: 1664 daAuts
     D:1: 1582 daAuts
   Orc:1: 1549 daAuts
     D:2: 1496 daAuts
    D:15: 1441 daAuts
     D:4: 1438 daAuts
  Lair:3: 1367 daAuts
 Swamp:3: 1320 daAuts
     D:7: 1271 daAuts
     D:9: 1214 daAuts
